 Dungeon Crawl Stone Soup version 0.29-a0-40-g8eb35efe60 (webtiles) character file.

Game seed: 13451628032313986035

9 Hubjo the Grasshopper (level 2, -1/22 HPs)
             Began as a Vampire Warper on Feb 1, 2022.
             Was a Follower of Uskayaw.
             Slain by Terence (8 damage)
             ... on level 3 of the Dungeon.
             The game lasted 00:02:08 (312 turns).

Hubjo the Grasshopper (Vampire Warper)               Turns: 312, Time: 00:02:08

Health: -1/22      AC:  3    Str: 10    XL:     2   Next: 6%
Magic:  5/5        EV: 11    Int: 15    God:    Uskayaw [*.....]
Gold:   12         SH:  0    Dex: 13    Spells: 5/5 levels left

rFire   . . .      SeeInvis +   a - +0 short sword
rCold   . . .      Faith    .   (no shield)
rNeg    . . .      Spirit   .   b - +0 leather armour
rPois   .          Reflect  .   (no helmet)
rElec   .          Harm     .   (no cloak)
rCorr   .          Rampage  .   (no gloves)
Will    .....                   (no boots)
Stlth   +.........              (no amulet)
HPRegen 0.27/turn               (no ring)
MPRegen 0.09/turn               (no ring)

@: weak-willed, healing quickly
A: alive, fangs 3, see invisible, vampiric 1
a: Exsanguinate, Renounce Religion, Stomp


You were on level 3 of the Dungeon.
You worshipped Uskayaw.
Uskayaw was noncommittal.
You visited 1 branch of the dungeon, and saw 3 of its levels.

You collected 12 gold pieces.

Inventory:

Hand Weapons
 a - a +0 short sword (weapon)
Missiles
 d - 5 boomerangs of dispersal (quivered)
Armour
 b - a +0 leather armour (worn)
Scrolls
 c - a scroll of blinking


   Skills:
 + Level 1.9 Fighting
 + Level 2.4 Short Blades
 + Level 0.7 Throwing
 + Level 0.8 Armour
 + Level 2.1 Dodging
 + Level 0.9 Stealth
 + Level 2.0 Spellcasting
 + Level 2.5 Translocations


You had 5 spell levels left.
You didn't know any spells.
Your spell library contained the following spells:

 Spells                   Type           Power      Damage    Failure   Level
 Blink                    Tloc           18%        N/A       16%         2
 Gell's Gravitas          Tloc           9%         N/A       32%         3
 Lesser Beckoning         Tloc           9%         N/A       32%         3
 Teleport Other           Tloc           9%         N/A       32%         3
 Manifold Assault         Tloc           9%         N/A       96%         5


Dungeon Overview and Level Annotations

Branches:
Dungeon (3/15)

Altars:
Uskayaw

Annotations:
D:3 Terence


Innate Abilities, Weirdness & Mutations

Your natural rate of healing is accelerated.
You have razor-sharp teeth.
You have supernaturally acute eyesight. (SInv)
You are afflicted with vampirism.


Message History

You kill the endoplasm!
You have reached level 2!
Terence the Incautious comes into view.
He is wielding a +0 mace.
Found a stone staircase leading up.
Terence shouts!
Terence is nearby!
Terence is nearby!
Terence is nearby!
Found a stone staircase leading down.
An endoplasm comes into view.
The endoplasm quivers.
Terence bares his teeth.
Terence shouts, "Get ready for death!"
The endoplasm closely misses you.
You hit the endoplasm.
You kill the endoplasm!
There is a stone staircase leading down here.
Terence closely misses you.
You climb downwards.
There is a stone staircase leading up here.
Terence hits you with a +0 mace.
You climb upwards.
There is a stone staircase leading down here.
Terence looks scornfully at you. Terence hits you with a +0 mace.
You climb downwards.
There is a stone staircase leading up here.
Terence hits you with a +0 mace!
You climb upwards.
There is a stone staircase leading down, spattered with blood here.
Terence hits you with a +0 mace.
* * * LOW HITPOINT WARNING * * *
You climb downwards.
There is a stone staircase leading up, spattered with blood here.
Terence misses you.
A dart slug comes into view.
You don't know any spells.
As you read the scroll labelled YJIGGIFUVY, it crumbles to dust.
Magic quickly surges around you.
It was a scroll of vulnerability.
Terence hits you with a +0 mace!
You die...

#####.##
#......
#.#...##
......#
#...# #<.#
##.#
#.###@###.#
#....@....#
#####.#####
#.# #.# #.#
#.# #w# ..#


You could see Terence (weak-willed) and a dart slug (weak-willed).

Vanquished Creatures
  3 endoplasms (D:2)
  2 giant cockroaches
  A frilled lizard (D:1)
  2 kobolds (D:1)
  A rat (D:1)
9 creatures vanquished.

Notes
Turn   | Place    | Note
-------+----------+-------------------------------------------
     0 | D:1      | Hubjo the Vampire Warper began the quest for the Orb.
     0 | D:1      | Reached XP level 1. HP: 16/16 MP: 3/3
   151 | D:2      | Found a faded altar of an unknown god.
   159 | D:2      | Prayed at the altar of an unknown god.
   159 | D:2      | Became a worshipper of Uskayaw the Reveller
   159 | D:2      | Reached * piety under Uskayaw
   240 | D:2      | Reached XP level 2. HP: 15/22 MP: 5/5
   269 | D:2      | Noticed Terence
   312 | D:3      | Slain by Terence

Illustrated notes

Levels and vault maps discovered:
D:1:      wander_arrival_lonely_grave, layout_loops_corners
D:2:      layout_rooms, hellmonk_ecumenical_altar_arch_garden, uniq_terence
D:3:      layout_loops_corners, gammafunk_temple_overflow_pools, nrook_campfire

Action                   || total
-------------------------++-------
Melee: Short sword       ||    23
       Bite              ||     1
Invok: Stomp             ||     1
  Use: Scroll            ||     1
 Stab: Sleeping          ||     2
Armor: Leather armour    ||     6
Dodge: Dodged            ||    13

Table legend: (Time is in decaauts)
 A = Elapsed time spent in this place.
 B = Non-inter-level travel time spent in this place.
 C = Inter-level travel time spent in this place.
 D = Time resting spent in this place.
 E = Time spent auto-exploring this place.
 F = Levels seen in this place.
 G = Mean time per level.
                   A        B        C        D        E       F      G
               +--------+--------+--------+--------+--------+-----+--------+
         Total |    313 |    271 |     42 |      0 |    164 |   3 |  104.3 |
       Dungeon |    313 |    271 |     42 |      0 |    164 |   3 |  104.3 |
               +--------+--------+--------+--------+--------+-----+--------+

Top non-repeatable levels by time:
     D:2: 190 daAuts
     D:1: 114 daAuts
     D:3: 8 daAuts
